 Dungeon Sprint DCSS version 0.29-a0-468-ge57f7f99b4 (webtiles) character file.

Game seed: 17341991830300772611

4262 mhtbhm the Imperceptible (level 10, -7/63 HPs)
             Began as a Kobold Brigand on May 21, 2022.
             Was a High Priest of Dithmenos.
             Mangled by a spriggan rider
             ... wielding a +0 spear
              (16 damage)
             ... in the Dungeon (Sprint IV: "Fedhas' Mad Dash").
             The game lasted 00:03:40 (1041 turns).

mhtbhm the Imperceptible (Kobold Brigand)           Turns: 1041, Time: 00:03:40

Health: -7/63      AC:  3    Str:  9    XL:     10   Next: 56%
Magic:  10/10      EV: 17    Int: 12    God:    Dithmenos [*****.]
Gold:   250        SH:  0    Dex: 21    Spells: 9/9 levels left

rFire   . . .      SeeInvis .   a - +2 dagger
rCold   . . .      Faith    .   (no shield)
rNeg    . . .      Spirit   .   b - +0 robe
rPois   .          Reflect  .   (no helmet)
rElec   .          Harm     .   c - +0 cloak
rCorr   .          Rampage  .   (no gloves)
Will    .....      NoTele   +   (no boots) Stlth *******+++
                                l - amulet of invisibility {+Inv}
HPRegen 0.20/turn               (no ring)
MPRegen 0.12/turn               (no ring)

@: very slightly contaminated, hasted, wreathed by umbra, invisible, very quick
A: small, no large weapons, nightstalker 3
a: Renounce Religion, Evoke Invisibility, Shadow Step, Shadow Form


You were in the Dungeon.
You worshipped Dithmenos.
Dithmenos was extremely pleased with you.
You visited 1 branch You collected 250 gold pieces.

Inventory:

Hand Weapons
 a - a +2 dagger (weapon)
Missiles
 d - 7 poisoned darts (quivered)
Armour
 b - a +0 robe (worn)
 c - a +0 cloak (worn)
Jewellery
 l - the amulet of invisibility (around neck) {+Inv}
   (You found it in the Dungeon)

   [amulet of nothing]

   +Inv:      It lets you turn invisible.
Scrolls
 j - a scroll of identify {unknown}
 k - a scroll of blinking
 m - a scroll of enchant weapon {unknown}
Potions
 f - a potion of curing
 i - a potion of magic


   Skills:
 + Level 7.3 Fighting
 + Level 9.9 Short Blades
 + Level 6.5 Throwing
 + Level 4.5 Dodging
 + Level 25.2 Stealth
 + Level 11.2 Evocations


You had 9 spell levels left.
You didn't know any spells.
Your spell library contained the following spells:

 Spells                   Type           Power      Damage    Failure   Level
 Gell's Gravitas          Tloc           0%         N/A       69%         3
 Lesser Beckoning         Tloc           0%         N/A       69%         3
 Teleport Other           Tloc           0%         N/A       69%         3


Dungeon Overview and Level Annotations

Branches:
Dungeon (1/1)

Altars:
Cheibriados
Dithmenos
Elyvilon
Gozag
Hepliaklqana
Kikubaaqudgha
Makhleb
Nemelex Xobeh
Okawaru
Qazlal
Ru
Sif Muna
Trog
Uskayaw
Vehumet
Wu Jian
Xom
Yredelemnul
Zin
The Shining One
Beogh
Jiyva
Lugonu

Shops:
D *(


Innate Abilities, Weirdness & Mutations

You are small and have problems with some larger weapons.
You are completely attuned to the shadows.


Message History

The spriggan rider hits you from afar with a +0 spear!
Throw: 7 darts (poison)
Press: ? - help, Q - select action, (/) - cycle Shift-Dir - straight line, f/p - spriggan rider
Aim: a spriggan rider, wielding a +0 spear (lightly wounded, poisoned, umbra, 45% to hit)
Okay, then.
You feel much better.
The spriggan rider hits you from afar with a +0 spear.
Unknown command.
You aren't carrying any items that you can evoke.
Unknown command.
You feel yourself speed up.
The spriggan rider looks more healthy.
The spriggan rider completely misses you.
The spriggan closely misses you.
You see here a +0 scale mail.
You barely miss the spriggan rider.
The spriggan rider is moderately wounded.
The spriggan is no longer moving slowly.
The spriggan rider barely misses you.
You closely miss the spriggan rider.
The spriggan rider is lightly wounded.
Unknown command.
You barely miss the spriggan.
The spriggan is heavily wounded.
The spriggan hits you with a +0 rapier.
You barely miss the spriggan rider.
The spriggan rider is lightly wounded.
Your shadow barely misses the spriggan rider.
The spriggan rider hits you with a +0 spear!!
* * * LOW HITPOINT WARNING * * *
You emit a cloud of dark smoke.
You miss the spriggan rider.
The spriggan rider is lightly wounded.
Your shadow hits the spriggan rider but does no damage.
You closely miss the spriggan rider.
The spriggan rider is lightly wounded.
The spriggan hits you with a +0 rapier!
* * * LOW HITPOINT WARNING * * *
Unknown command.
The spriggan rider hits you from afar with a +0 spear!
You die...

################
_._._.⌠.#..)..)#
._._._..'..#...#
_._._...#..###'##
._._._..#.)##∩∩.+
_._._.⌠.############ ###.
#############..§§§.###....
..♣.###.'.['...§@§i'.()..♣
♣..♣##..#..#.P.§§§i#######
.♣).###.##+##.P....#
...♣'...# ########
#########


You could see a spriggan rider and a spriggan (poisoned).

Vanquished Creatures
  A spriggan druid (D)
  6 oklob plants (D)
  A demonic crawler (D)
  2 burning bushes (D)
  A queen bee (D)
  A wandering mushroom (D)
  2 scorpions (D)
  4 killer bees (D)
  5 oklob saplings (D)
  3 spriggans (D)
  A river rat (D)
  A rat (D)
  A ballistomycete spore (D)
29 creatures vanquished.

Notes
Turn   | Place    | Note
-------+----------+-------------------------------------------
     0 | D        | mhtbhm the Kobold Brigand began the quest for the Orb.
     0 | D        | Reached XP level 1. HP: 12/12 MP: 1/1
    13 | D        | Reached skill level 7 in Stealth
    13 | D        | Reached XP level 2. HP: 18/18 MP: 2/2
    26 | D        | Noticed an oklob sapling
    27 | D        | Killed an oklob sapling
    28 | D        | Reached skill level 9 in Stealth
    28 | D        | Reached XP level 3. HP: 22/22 MP: 3/3
    30 | D        | Noticed a scorpion
    30 | D        | Found the amulet of invisibility {+Inv}
    32 | D        | Killed a scorpion
    33 | D        | Reached skill level 11 in Stealth
    33 | D        | Reached XP level 4. HP: 28/28 MP: 4/4
    61 | D        | Reached skill level 12 in Stealth
    61 | D        | Reached XP level 5. HP: 33/33 MP: 5/5
    76 | D        | Found an opulent altar of Gozag.
    76 | D        | Found a sacrificial altar of Ru.
    77 | D        | Found a burning altar of Makhleb.
    77 | D        | Found an ornate altar of the Wu Jian Council.
    77 | D        | Found a shimmering altar of Xom.
    78 | D        | Found a hazy altar of Hepliaklqana.
    78 | D        | Found a shimmering blue altar of Sif Muna.
    79 | D        | Found a sparkling altar of Nemelex Xobeh.
    79 | D        | Found a snail-covered altar of Cheibriados.
    79 | D        | Found a basalt altar of Yredelemnul.
    80 | D        | Found a viscous altar of Jiyva.
    80 | D        | Found a bloodstained altar of Trog.
    81 | D        | Found an iron altar of Okawaru.
    81 | D        | Found a shadowy altar of Dithmenos.
    81 | D        | Found a glowing silver altar of Zin.
    82 | D        | Found an ancient bone altar of Kikubaaqudgha.
    82 | D        | Found a hide-covered altar of Uskayaw.
    83 | D        | Found a stormy altar of Qazlal.
    83 | D        | Found a white marble altar of Elyvilon.
    83 | D        | Found a glowing golden altar of the Shining One.
    85 | D        | Reached skill level 14 in Stealth
    85 | D        | Found a corrupted altar of Lugonu.
    85 | D        | Found a radiant altar of Vehumet.
    87 | D        | Became a worshipper of Dithmenos the Shadowed
   124 | D        | Reached skill level 5 in Short Blades
   124 | D        | Reached skill level 1 in Evocations
   124 | D        | Reached XP level 6. HP: 38/38 MP: 3/6
   132 | D        | Reached skill level 15 in Stealth
   134 | D        | Reached * piety under Dithmenos
   137 | D        | Reached skill level 16 in Stealth
   282 | D        | Found Ligip's Antique Weapon Shop.
   282 | D        | Found Yqanyng's Assorted Antiques.
   337 | D        | Noticed a queen bee
   344 | D        | Killed a queen bee
   344 | D        | Reached ** piety under Dithmenos
   345 | D        | Reached skill level 5 in Fighting
   345 | D        | Reached skill level 18 in Stealth
   345 | D        | Reached XP level 7. HP: 44/44 MP: 7/7
   348 | D        | Reached skill level 5 in Throwing
   359 | D        | Reached skill level 19 in Stealth
   359 | D        | Reached XP level 8. HP: 44/50 MP: 8/8
   645 | D        | Noticed an oklob plant
   647 | D        | Killed an oklob plant
   647 | D        | Reached *** piety under Dithmenos
   648 | D        | Reached skill level 20 in Stealth
   732 | D        | Noticed a burning bush
   735 | D        | Killed a burning bush
   736 | D        | Reached skill level 21 in Stealth
   746 | D        | Noticed a burning bush
   748 | D        | Killed a burning bush
   749 | D        | Reached XP level 9. HP: 56/56 MP: 6/9
   749 | D        | Noticed an oklob plant
   751 | D        | Noticed a wandering mushroom
   755 | D        | Killed a wandering mushroom
   756 | D        | Killed an oklob plant
   756 | D        | Reached **** piety under Dithmenos
   757 | D        | Reached skill level 22 in Stealth
   760 | D        | Identified the +7 arbalest of Doom {penet, Int+4}
   795 | D        | Noticed a spriggan druid
   796 | D        | Killed a spriggan druid
   797 | D        | Reached skill level 23 in Stealth
   815 | D        | Noticed an oklob plant conjurer
   816 | D        | Killed an oklob plant conjurer
   817 | D        | Reached XP level 10. HP: 63/63 MP: 10/10
   875 | D        | Noticed an oklob plant
   876 | D        | Noticed an oklob plant summoner
   878 | D        | Noticed an oklob plant shifter
   879 | D        | Killed an oklob plant
   880 | D        | Reached skill level 24 in Stealth
   880 | D        | Reached skill level 10 in Evocations
   881 | D        | Killed an oklob plant summoner
   881 | D        | Reached ***** piety under Dithmenos
   884 | D        | Killed an oklob plant shifter
   891 | D        | Noticed a demonic crawler
   893 | D        | Killed a demonic crawler
   894 | D        | Reached skill level 25 in Stealth
  1023 | D        | Noticed a spriggan rider
  1041 | D        | Mangled by a spriggan rider

Illustrated notes

Levels and vault maps discovered:
D:        dungeon_sprint_fedhas [sprint_temple]

Skill      XL: |  1  2  3  4  5  6  7  8  9 10 |
---------------+-------------------------------+-----
Short Blades   | 3 4 5 6 8 9 |  9.9
Stealth        | 7 9 11 12 14 18 19 21 23 25 | 25.2
Fighting       | 3 4 5 6 7 |  7.3
Throwing       | 3 4 5 6 |  6.5
Evocations     | 1 4 7 9 11 | 11.2
Dodging        | 2 3 4 |  4.5

Action                   |  1- 3 |  4- 6 |  7- 9 | 10-12 || total
-------------------------+-------+-------+-------+-------++-------
Melee: Dagger            |     3 |    11 |    22 |    11 ||    47
       Punch             |       |     1 |       |       ||     1
Throw: Dart              |     1 |     3 |       |     5 ||     9
 Abil: Evoke Invisibilit |       |     3 |     2 |     2 ||     7
  Use: Potion            |       |     2 |       |     2 ||     4
 Stab: Sleeping          |     3 |     3 |     8 |     5 ||    19
       Invisible         |       |     2 |     2 |       ||     4
Armor: Robe              |       |     1 |     1 |       ||     2
Dodge: Dodged            |       |     3 |     8 |     4 ||    15

Table legend: (Time is in decaauts)
 A = Elapsed time spent in this place.
 B = Non-inter-level travel time spent in this place.
 C = Inter-level travel time spent in this place.
 D = Time resting spent in this place.
 E = Time spent auto-exploring this place.
 F = Levels seen in this place.
 G = Mean time per level.
                   A        B        C        D        E       F      G
               +--------+--------+--------+--------+--------+-----+--------+
         Total |   1028 |   1028 |      0 |    675 |      0 |   1 | 1028.0 |
       Dungeon |   1028 |   1028 |      0 |    675 |      0 |   1 | 1028.0 |
               +--------+--------+--------+--------+--------+-----+--------+

Top non-repeatable levels by time:
       D: 1028 daAuts
